 Dungeon Sprint DCSS version 0.25-a0-516-g7d600cd9ad (webtiles) character file.

Game seed: 6295784193516122267, levelgen mode: deterministic

289 MordorOrchid the Stinger (level 6, -1/48 HPs)
             Began as a Minotaur Venom Mage on Feb 17, 2020.
             Was a Follower of Sif Muna.
             Slain by a howler monkey (7 damage)
             ... in the Dungeon (Sprint IX: "|||||||||||||||||||||||||||||").
             The game lasted 00:05:39 (635 turns).

MordorOrchid the Stinger (Minotaur Venom Mage)       Turns: 635, Time: 00:05:40

Health: -1/48      AC:  3    Str: 18    XL:     6   Next: 9%
Magic:  11/11      EV: 14    Int: 14    God:    Sif Muna [*.....]
Gold:   0          SH:  0    Dex: 11    Spells: 0/13 levels left

rFire    . . .     SeeInvis .   j - +3 shortbow
rCold    . . .     Gourm    .   (shield currently unavailable)
rNeg     . . .     Faith    .   s - +0 robe
rPois    .         Spirit   .   (helmet restricted)
rElec    .         Reflect  .   r - +0 cloak
rCorr    .         Harm     .   (no gloves)
MR       .....     NoTele   +   (no boots)
Stlth    ++........             (no amulet)
HPRegen  0.16/turn              v - +3 ring of strength
MPRegen  0.12/turn              w - +3 ring of strength

@: no status effects
A: retaliatory headbutt, horns 2
a: Channel Magic, Renounce Religion


You were in the Dungeon.
You worshipped Sif Muna.
Sif Muna was aware of your devotion.
You were not hungry.

You visited 1 branch

Inventory:

Hand Weapons
 a - a +2 scimitar of holy wrath
 j - a +3 shortbow (weapon)
 p - a +2 halberd of venom
 q - a +4 quarterstaff of holy wrath
 t - a +3 war axe of freezing
 y - a +2 rapier of venom
Missiles
 h - 10 arrows (quivered)
Armour
 r - a +0 cloak (worn)
 s - a +0 robe (worn)
 u - a +1 scale mail
Magical Staves
 o - an uncursed staff of energy
Jewellery
 v - a +3 ring of strength (left hand)
 w - a +3 ring of strength (right hand)
Wands
 n - a wand of acid (10)
Scrolls
 i - 2 scrolls of blinking
 l - 3 scrolls of remove curse
 m - 2 scrolls of amnesia
Potions
 d - 5 potions of curing
 e - 3 potions of heal wounds
 g - 4 potions of magic
Comestibles
 c - a ration


   Skills:
 - Level 2.2 Fighting
 * Level 5.3 Dodging
 - Level 1.5 Stealth
 + Level 4.0 Spellcasting
 * Level 2.9 Conjurations
 * Level 3.7 Transmutations
 * Level 1.4 Fire Magic
 * Level 2.9 Air Magic
 + Level 5.3 Poison Magic
 * Level 1.7 Evocations


You couldn't memorise any spells.
You knew the following spells:

 Your Spells              Type           Power        Failure   Level  Hunger
a - Sting                 Tmut/Pois      ###.         3%          1    None
b - Olgreb's Toxic Radia  Pois           ###.....     22%         4    ####...
d - Ignite Poison         Fire/Tmut/Pois ##......     14%         3    ###....
g - Mephitic Cloud        Conj/Pois/Air  ##......     13%         3    ###....
p - Poisonous Vapours     Pois/Air       ##....       5%          2    ##.....

Your spell library contained the following spells:

 Spells                   Type           Power        Failure   Level  Hunger


Dungeon Overview and Level Annotations

Branches:
Dungeon (1/1)

Altars:
Cheibriados
Dithmenos
Elyvilon
Fedhas
Gozag
Hepliaklqana
Kikubaaqudgha
Makhleb
Nemelex Xobeh
Okawaru
Qazlal
Ru
Sif Muna
Trog
Uskayaw
Vehumet
Wu Jian
Xom
Yredelemnul
Zin
The Shining One
Beogh
Jiyva
Lugonu


Innate Abilities, Weirdness & Mutations

You reflexively headbutt those who attack you in melee.
You have a pair of horns on your head.


Message History

You swing at nothing.
You swing at nothing.
You swing at nothing.
You swing at nothing.
You swing at nothing.
You swing at nothing.
A howler monkey opens the door.
You swing at nothing.
The howler monkey howls!
The howler monkey closely misses you.
You swing at nothing.
The howler monkey misses you.
The howler monkey hits you but does no damage.
You swing at nothing.
The howler monkey hits you! The howler monkey hits you.
You swing at nothing.
The howler monkey hits you.
* * * LOW HITPOINT WARNING * * *
You swing at nothing.
The howler monkey barely misses you. You furiously retaliate!
You headbutt the howler monkey. The howler monkey hits you.
* * * LOW HITPOINT WARNING * * *
You swing at nothing.
The howler monkey hits you!
You die... ▓▓▓▓▓▓▓▓▓▓▓▓▓▓▓▓▓▓▓▓▓▓▓▓▓▓▓▓▓▓▓▓▓ ________________@h...)[.Z.Z').... ▓▓▓▓▓▓▓▓▓▓▓▓▓▓▓▓▓▓▓▓▓▓▓▓▓▓▓▓▓▓▓▓▓

You could see a howler monkey.

Vanquished Creatures
  An ice beast (D)
  A centaur (D)
  A crimson imp (D)
  2 worker ants (D)
  An adder (D)
  A shadow imp (D)
  An adder skeleton (D)
  A worm (D)
  An orc (D)
  A giant cockroach (D)
  A hobgoblin (D)
  A kobold (D)
  A bat (D)
  A frilled lizard (D)
15 creatures vanquished.

Notes
Turn   | Place    | Note
-------+----------+-------------------------------------------
     0 | D        | MordorOrchid the Minotaur Venom Mage began the quest for
                  | the Orb.
     0 | D        | Reached XP level 1. HP: 14/14 MP: 1/1
     4 | D        | Reached skill level 1 in Fighting
   214 | D        | Noticed a worker ant
   214 | D        | Noticed a crimson imp
   214 | D        | Noticed a centaur
   226 | D        | Killed a worker ant
   226 | D        | Reached skill level 1 in Transmutations
   226 | D        | Reached XP level 2. HP: 24/24 MP: 0/4
   226 | D        | Reached XP level 3. HP: 29/29 MP: 0/6
   231 | D        | Learned a level 3 spell: Mephitic Cloud
   239 | D        | Reached skill level 1 in Conjurations
   239 | D        | Reached skill level 1 in Air Magic
   246 | D        | Killed a centaur
   246 | D        | Reached XP level 4. HP: 5/36 MP: 1/8
   246 | D        | Reached XP level 5. HP: 5/41 MP: 1/9
   276 | D        | Found a roughly hewn altar of Beogh.
   276 | D        | Found a snail-covered altar of Cheibriados.
   276 | D        | Found a shadowy altar of Dithmenos.
   276 | D        | Found a white marble altar of Elyvilon.
   276 | D        | Found a blossoming altar of Fedhas.
   276 | D        | Found an opulent altar of Gozag.
   277 | D        | Found a hazy altar of Hepliaklqana.
   278 | D        | Found a viscous altar of Jiyva.
   279 | D        | Found an ancient bone altar of Kikubaaqudgha.
   280 | D        | Found a corrupted altar of Lugonu.
   281 | D        | Found a burning altar of Makhleb.
   282 | D        | Found a sparkling altar of Nemelex Xobeh.
   283 | D        | Found an iron altar of Okawaru.
   284 | D        | Found a stormy altar of Qazlal.
   285 | D        | Found a sacrificial altar of Ru.
   286 | D        | Found a shimmering blue altar of Sif Muna.
   287 | D        | Found a bloodstained altar of Trog.
   288 | D        | Found a hide-covered altar of Uskayaw.
   289 | D        | Found a radiant altar of Vehumet.
   290 | D        | Found an ornate altar of the Wu Jian Council.
   291 | D        | Found a shimmering altar of Xom.
   292 | D        | Found a basalt altar of Yredelemnul.
   293 | D        | Found a glowing silver altar of Zin.
   294 | D        | Became a worshipper of Sif Muna the Loreminder
   295 | D        | Found a glowing golden altar of the Shining One.
   335 | D        | Learned a level 2 spell: Poisonous Vapours
   339 | D        | Learned a level 3 spell: Ignite Poison
   529 | D        | Noticed an ice beast
   542 | D        | Killed an ice beast
   542 | D        | Reached skill level 5 in Dodging
   542 | D        | Reached skill level 1 in Fire Magic
   542 | D        | Reached skill level 5 in Poison Magic
   542 | D        | Reached skill level 1 in Evocations
   545 | D        | Reached * piety under Sif Muna
   554 | D        | Reached XP level 6. HP: 7/48 MP: 5/10
   568 | D        | Learned a level 4 spell: Olgreb's Toxic Radiance
   635 | D        | Slain by a howler monkey

Levels and vault maps discovered:
D:        linesprint [early_d, line_temple, items_1, d_10, items_2, lair_1,
          lair_end, items_3, orc_1, orc_end, items_4, d_15, swamp_1, shoals_1,
          snake_1, spider_1, d_20, vaults_1, items_5, swamp_end, shoals_end,
          snake_end, spider_end, vaults_end, d_27, items_6, zot_1, zot_end,
          crypt_end, forest_end, elf_end, slime_end, tomb_end, abyss_end,
          pan_hell_end]

Skill      XL: |  1  2  3  4  5  6 |
---------------+-------------------+-----
Fighting       | 2 |  2.2
Spellcasting   | 2 3 4 |  4.0
Dodging        | 3 4 5 |  5.3
Transmutations | 1 3 |  3.7
Poison Magic   | 3 4 5 |  5.3
Conjurations   | 2 |  2.9
Air Magic      | 2 |  2.9
Fire Magic     | 1 |  1.4
Evocations     | 1 |  1.7
Stealth        | |  1.5

Action                   |  1- 3 |  4- 6 || total
-------------------------+-------+-------++-------
Melee: Unarmed           |    12 |       ||    12
       Headbutt          |     3 |     2 ||     5
       Whip              |    13 |     2 ||    15
       Rapier            |       |    15 ||    15
 Cast: Sting             |     4 |       ||     4
       Poisonous Vapours |       |     2 ||     2
       Mephitic Cloud    |       |     1 ||     1
  Use: Potion            |     2 |     1 ||     3
 Stab: Sleeping          |       |     1 ||     1
Armor: Robe              |     2 |     1 ||     3
Dodge: Dodged            |    15 |    15 ||    30

Table legend:
 A = Non-vault XP
 B = Vault XP
 C = Vault XP percentage of total XP
 D = Non-vault monster count
 E = Vault monster count
 F = Vault count percentage of total count
                 A         B        C        D         E       F
            +---------+---------+-------+---------+---------+-------
      Total |       0 |     413 | 100.0 |       0 |      15 | 100.0
            +---------+---------+-------+---------+---------+-------
          D |       0 |     413 | 100.0 |       0 |      15 | 100.0
            +---------+---------+-------+---------+---------+-------
